 Dungeon Crawl Stone Soup version 0.19-a0-1886-gd64a0f0 (webtiles) character file.

56 Grim the Sneak (level 3, -1/16 HPs)
             Began as a Vine Stalker Enchanter on Oct 14, 2016.
             Slain by an orc
             ... wielding a +2 flail of holy wrath
              (6 damage)
             ... on level 3 of the Dungeon.
             The game lasted 00:05:33 (2302 turns).

Grim the Sneak (Vine Stalker Enchanter)             Turns: 2302, Time: 00:05:33

Health: -1/16      AC:  3    Str: 10    XL:     3   Next: 95%
Magic:  0/7        EV: 12    Int: 16    God:
Gold:   135        SH:  0    Dex: 14    Spells: 1 memorised, 5 levels left

rFire  . . .     SeeInvis .       - Unarmed
rCold  . . .     Gourm    .     b - +1 robe
rNeg   . . .     Faith    .     (no shield)
rPois  .         Spirit   +     k - +0 hat {MR+}
rElec  .         Dismiss  .     (no cloak)
rCorr  .         Reflect  .     (no gloves)
MR     +....     Harm     .     (no boots)
Stlth  +++.......               (no amulet)
                                (no ring)
                                i - ring of stealth

@: no status effects
A: fangs 2, magic shield, antimagic bite, no device heal 3, rot immunity
a: no special abilities


You were on level 3 of the Dungeon.
You were not hungry.

You visited 1 branch of the dungeon, and saw 3 of its levels.

You collected 135 gold pieces.

Inventory:

Armour
 b - a +1 robe (worn)
 k - a +0 hat of magic resistance (worn)
 s - a +1 pair of gloves
Jewellery
 i - a ring of stealth (left hand)
Scrolls
 e - a scroll of amnesia {unknown}
 f - 2 scrolls of identify
 g - 2 scrolls of remove curse {unknown}
 h - a scroll of magic mapping {unknown}
 m - a scroll of recharging {unknown}
 q - a scroll of fog {unknown}
 r - a scroll of teleportation {unknown}
 t - a scroll of noise {unknown}
Potions
 a - a potion of brilliance {unknown}
 o - a potion of flight
 p - a potion of curing
Books
 c - a book of Maledictions

   Spells                             Type                      Level
   a - Corona                         Hexes                        1
   b - Ensorcelled Hibernation        Hexes/Ice                    2
   c - Confuse                        Hexes                        3
   d - Tukima's Dance                 Hexes                        3
   e - Dazzling Spray                 Conjuration/Hexes            3
Comestibles
 d - 2 bread rations
 j - 2 chunks of flesh
 l - a royal jelly
 n - a meat ration


   Skills:
   Level 0.8 Short Blades
 - Level 1.5 Dodging
 - Level 3.6 Stealth
 + Level 3.4 Unarmed Combat
 - Level 2.1 Spellcasting
 - Level 3.0 Hexes


You had 5 spell levels left.
You knew the following spells:

 Your Spells              Type           Power        Failure   Level  Hunger
a - Corona                Hex            ##.....      8%          1    #......


Dungeon Overview and Level Annotations

Branches:
Dungeon (3/15)

Altars:


Innate Abilities, Weirdness & Mutations

You have extremely sharp teeth.
When hurt, damage is shared between your health and your magic reserves.
Your bite disrupts and absorbs the magic of your enemies.
Potions and wands cannot restore your health.
You are immune to rotting.


Message History

* * * LOW HITPOINT WARNING * * *
You hit the giant cockroach.
You kill the giant cockroach!
You see here a giant cockroach corpse.
You butcher the giant cockroach corpse.
j - 2 chunks of flesh (gained 1)
You start resting.
Magic restored.
You start resting.
Items here: )) [ † a war axe; a scale mail; a club; a rat corpse You catch the helpless orc completely off-guard!
You hit the orc.
The orc is heavily wounded.
The orc hits you with a flail of holy wrath!
* * * LOW HITPOINT WARNING * * *
You hit the orc but do no damage. Your bite misses the orc.
The orc is heavily wounded.
The orc hits you with a flail of holy wrath!
You die...

#.......... ########
#.!........ .......#
#........s. #......##
##.......... #.......#
#.......... #.......##
#......... ##
#.......[###.....#######....
...............o@)..........
#......#.###.....###.###..).
########..######## #.# .
##.######## #.# #..##....#
#.# ##.##....# #.#
#.o#../.###.# ##.#.........
#..†........


You could see an orc.

Vanquished Creatures
  An ooze (D:2)
  2 worms (D:2)
  2 dart slugs
  An orc (D:3)
  A ball python (D:2)
  3 giant cockroaches
  3 goblins
  4 hobgoblins
  5 kobolds
  A quokka (D:3)
  4 bats
  5 frilled lizards
  10 rats
42 creatures vanquished.

Notes
Turn   | Place    | Note
-------+----------+-------------------------------------------
     0 | D:1      | Grim the Vine Stalker Enchanter began the quest for the Orb.
     0 | D:1      | Reached XP level 1. HP: 9/9 MP: 4/4
   202 | D:1      | Reached skill level 1 in Unarmed Combat
   234 | D:1      | Reached XP level 2. HP: 7/13 MP: 4/6
  1243 | D:2      | Reached XP level 3. HP: 5/16 MP: 7/7
  2302 | D:3      | Slain by an orc

Vault maps used:
D:1:      dpeg_arrival_simpleton_b
D:3:      first_bread

Skill      XL: |  1  2  3 |
---------------+----------+-----
Unarmed Combat | 1 2 3 |  3.4
Short Blades   | |  0.8
Dodging        | |  1.5
Stealth        | |  3.6
Spellcasting   | |  2.1
Hexes          | |  3.0

Action                   || total
-------------------------++-------
Melee: Unarmed           ||   141
       Bite              ||    33
       Punch             ||     1
  Use: Scroll            ||     3
 Stab: Sleeping          ||    11
       Distracted        ||     1
  Eat: Chunk             ||     4
Armor: Robe              ||    16
Dodge: Dodged            ||    73
